 Dungeon Crawl Stone Soup version 0.30-a0-218-gedb9141078 (webtiles) character file.

Game seed: 4021332113878230274

69 themarg the Digger (level 4, -7/24 HPs)
             Began as a Gargoyle Earth Elementalist on Oct 5, 2022.
             Killed by divine providence
             ... invoked by an orc priest
              (12 damage)
             ... on level 3 of the Dungeon.
             The game lasted 00:07:48 (2103 turns).

themarg the Digger (Gargoyle Earth Elementalist)    Turns: 2103, Time: 00:07:49

Health: -7/24      AC:  6    Str: 12    XL:     4   Next: 20%
Magic:  2/8        EV: 11    Int: 17    God:
Gold:   101        SH:  0    Dex: 10    Spells: 8/9 levels left

rFire   . . .      SeeInvis .    g - +0 rapier
rCold   . . .      Faith    .    (no shield)
rNeg    + . .      Spirit   .    a - +0 robe
rPois   ∞          Reflect  .    (no helmet)
rElec   +          Harm     .    (no cloak)
rCorr   .          Rampage  .    q - +0 pair of gloves
Will    .....                    (no boots)
Stlth   ++........               (no amulet)
HPRegen 0.24/turn                (no ring)
MPRegen 0.11/turn                (no ring)

@: invisible
A: sickness immunity, AC +3, negative energy resistance 1, electricity
resistance, torment resistance 1, petrification resistance
a: no special abilities


You were on level 3 of the Dungeon.
You visited 1 branch of the dungeon, and saw 3 of its levels.

You collected 101 gold pieces.

Inventory:

Hand Weapons
 c - a +0 mace
 g - a +0 rapier (weapon)
Missiles
 h - 30 poisoned darts
Armour
 a - a +0 robe (worn)
 q - a +0 pair of gloves (worn)
Wands
 n - a wand of iceblast (10)
 v - a wand of flame (23)
Scrolls
 d - a scroll of enchant armour {unknown}
 e - 2 scrolls of amnesia {unknown}
 i - a scroll of identify {unknown}
 k - a scroll of poison {unknown}
 m - a scroll of silence {unknown}
 o - a scroll of magic mapping {unknown}
 r - a scroll of teleportation {unknown}
 t - a scroll of noise {unknown}
Potions
 b - 2 potions of magic
 f - a potion of heal wounds {unknown}
 j - a potion of invisibility
 l - a potion of brilliance {unknown}
 p - a potion of berserk rage {unknown}
 s - a potion of flight {unknown}
 u - a potion of resistance {unknown}
 w - a potion of mutation {unknown}
 x - a potion of cancellation {unknown}


   Skills:
 - Level 1.5 Dodging
 - Level 3.0 Stealth
 - Level 3.0 Spellcasting
 - Level 0.7 Transmutations
 + Level 4.7 Earth Magic


You had 8 spell levels left.
You knew the following spells:

 Your Spells              Type           Power      Damage    Failure   Level
a - Sandblast             Erth           36%        2d10      2%          1

Your spell library contained the following spells:

 Spells                   Type           Power      Damage    Failure   Level
 Passwall                 Tmut/Erth      9%         N/A       9%          2
 Shock                    Conj/Air       8%         1d3       17%         1
 Stone Arrow              Conj/Erth      20%        3d8       21%         3
 Inner Flame              Hex/Fire       2%         N/A       45%         3
 Swiftness                Air            2%         N/A       45%         3
 Petrify                  Tmut/Erth      11%        N/A       50%         4
 Airstrike                Air            1%         2d(1-17)  86%         4
 Flame Wave               Conj/Fire      2%         2d4       86%         4
 Sticky Flame             Conj/Fire      2%         2d3       86%         4


Dungeon Overview and Level Annotations

Branches:
Dungeon (3/15)

Altars:
Xom

Shops:
D:2 [

Annotations:
D:3 3 exclusions


Innate Abilities, Weirdness & Mutations

You are immune to sickness and miasma.
Your stone body is resilient. (AC +3)
You are immune to poison.
You resist negative energy. (rN+)
You are resistant to electric shocks. (rElec)
You are resistant to unholy torment.
You are immune to petrification.


Message History

Press: ? - help, Shift-Dir - straight line, f/p - orc priest
Aim: an orc priest, wielding a +0 club and wearing a +0 chain mail of fire resistance (moderately wounded, unable to see you, 87% to hit)
The blast of sand hits the orc priest but does no damage.
The orc priest is moderately wounded.
Casting: Sandblast (safe; 2% risk of failure)
Confirm with . or Enter, or press ? or * to list all spells.
Aiming: Sandblast (safe; 2% risk of failure)
Press: ? - help, Shift-Dir - straight line, f/p - orc priest
Aim: an orc priest, wielding a +0 club and wearing a +0 chain mail of fire resistance (moderately wounded, unable to see you, 87% to hit)
The blast of sand hits the orc priest but does no damage.
The orc priest is moderately wounded.
The orc priest mumbles some strange prayers to Beogh against something.
Casting: Sandblast (safe; 2% risk of failure)
Confirm with . or Enter, or press ? or * to list all spells.
Aiming: Sandblast (safe; 2% risk of failure)
Press: ? - help, Shift-Dir - straight line, f/p - orc priest
Aim: an orc priest, wielding a +0 club and wearing a +0 chain mail of fire resistance (moderately wounded, wandering, unable to see you, hasn't noticed you, 87% to hit)
The blast of sand hits the orc priest but does no damage.
The orc priest is moderately wounded.
Casting: Sandblast (safe; 2% risk of failure)
Confirm with . or Enter, or press ? or * to list all spells.
Aiming: Sandblast (safe; 2% risk of failure)
Press: ? - help, Shift-Dir - straight line, f/p - orc priest
Aim: an orc priest, wielding a +0 club and wearing a +0 chain mail of fire resistance (moderately wounded, wandering, unable to see you, hasn't noticed you, 87% to hit)
The blast of sand hits the orc priest.
The orc priest is heavily wounded.
Casting: Sandblast (safe; 2% risk of failure)
Confirm with . or Enter, or press ? or * to list all spells.
Aiming: Sandblast (safe; 2% risk of failure)
Press: ? - help, Shift-Dir - straight line, f/p - orc priest
Aim: an orc priest, wielding a +0 club and wearing a +0 chain mail of fire resistance (heavily wounded, wandering, unable to see you, hasn't noticed you, 87% to hit)
The blast of sand hits the orc priest.
The orc priest is heavily wounded.
You strike the helpless orc priest from behind!
You hit the orc priest.
The orc priest is severely wounded.
The orc priest mumbles some strange prayers to Beogh against you.
Beogh smites you!
Ouch! That really hurt!
You die...

.##.###.##.##.#.#.......♣♣♣♣#
.##.....##.##.#........♣♣..♣♣ ##.
.####.####.##.###.....♣♣♣PP.♣♣#..
.####.####.##..##........... ♣..#
...........##........#P..P ♣.#.
#####.#######..##....#♣.♣P ♣♣...
#####.#######..##......♣♣ ♣♣..P♣
........................♣♣♣♣....♣
................@o#..##...(.....P
.........).........#..#.........?
P....#....).################.....
.P.#.##.....# #.....
..PP.##...<.# #.....
♣♣.P.##.##### #..... ♣.♣.###..#
#..... ♣♣P.# ##.# ......


PPP## #.# ....... You could see an orc priest (unable to see you).

Vanquished Creatures
  An adder (D:2)
  A worm (D:3)
  A dart slug (D:1)
  3 endoplasms
  5 giant cockroaches
  6 goblins
  4 hobgoblins
  4 jackals (D:1)
  A quokka (D:3)
  8 ball pythons
  3 bats
  A frilled lizard (D:2)
  6 kobolds
  7 rats
  A spectral hobgoblin (D:2)
52 creatures vanquished.

Vanquished Creatures (others)
  A plant (D:3)
1 creature vanquished.

Grand Total: 53 creatures vanquished

Notes
Turn   | Place    | Note
-------+----------+-------------------------------------------
     0 | D:1      | themarg the Gargoyle Earth Elementalist began the quest for
                  | the Orb.
     0 | D:1      | Reached XP level 1. HP: 10/10 MP: 3/3
   165 | D:1      | Reached XP level 2. HP: 15/15 MP: 1/5
   281 | D:1      | Reached skill level 4 in Earth Magic
   350 | D:1      | Reached XP level 3. HP: 17/19 MP: 0/6
   858 | D:2      | Found a shimmering altar of Xom.
  1011 | D:2      | Found Janyh's Armour Boutique.
  1394 | D:2      | Found a faded altar of an unknown god.
  1516 | D:3      | Reached XP level 4. HP: 24/24 MP: 5/8
  2103 | D:3      | Killed from afar by an orc priest

Illustrated notes

Levels and vault maps discovered:
D:1:      minmay_arrival_hallway, layout_basic
D:2:      layout_basic, basic_altar, serial_shops, shop,
          dreamdust_ecumenical_altar_drowned_temple
D:3:      layout_rooms, nemelex_spade_bored_becter, serial_forest,
          infiniplex_forest_clump_large, infiniplex_forest_split,
          infiniplex_forest_clump_tiny, infiniplex_forest_lined_corner,
          infiniplex_forest_end_2, infiniplex_forest_end_2,
          infiniplex_forest_clump_medium, infiniplex_forest_clump_tiny,
          infiniplex_forest_lined_room_, roderic_nine_men_s_morris,
          kennysheep_potato, uniq_crazy_yiuf_cottage

Skill      XL: |  1  2  3  4 |
---------------+-------------+-----
Earth Magic    | 4 |  4.7
Stealth        | 3 |  3.0
Spellcasting   | 3 |  3.0
Dodging        | |  1.5
Transmutations | |  0.7

Action                   |  1- 3 |  4- 6 || total
-------------------------+-------+-------++-------
Melee: Rapier            |     4 |     1 ||     5
 Cast: Sandblast         |    50 |    25 ||    75
  Use: Potion            |       |     1 ||     1
 Stab: Invisible         |       |     1 ||     1
Armor: Robe              |     3 |     3 ||     6
Dodge: Dodged            |     3 |     5 ||     8

Table legend: (Time is in decaauts)
 A = Elapsed time spent in this place.
 B = Non-inter-level travel time spent in this place.
 C = Inter-level travel time spent in this place.
 D = Time resting spent in this place.
 E = Time spent auto-exploring this place.
 F = Levels seen in this place.
 G = Mean time per level.
                   A        B        C        D        E       F      G
               +--------+--------+--------+--------+--------+-----+--------+
         Total |   2150 |   2031 |    119 |    223 |   1380 |   3 |  716.7 |
       Dungeon |   2150 |   2031 |    119 |    223 |   1380 |   3 |  716.7 |
               +--------+--------+--------+--------+--------+-----+--------+

Top non-repeatable levels by time:
     D:2: 862 daAuts
     D:1: 775 daAuts
     D:3: 512 daAuts
